 Dungeon Crawl Stone Soup version 0.31-a0-640-g39d97e502b (webtiles) character file.

Game seed: 3515116590799447951

3 subawu the Sneak (level 1, -8/18 HPs)
             Began as a Demonspawn Delver on Aug 28, 2023.
             Mangled by an orc
             ... wielding a +0 war axe
              (10 damage)
             ... on level 5 of the Dungeon.
             The game lasted 00:00:58 (165 turns).

subawu the Sneak (Demonspawn Delver)                 Turns: 165, Time: 00:00:59

Health: -8/18      AC:  3    Str: 12    XL:     1   Next: 41%
Magic:  1/1        EV: 11    Int: 11    God:
Gold:   34         SH:  0    Dex: 14    Spells: 0/0 levels left

rFire   . . .        a - +0 falchion
rCold   . . .        (no shield)
rNeg    . . .        b - +0 leather armour
rPois   .            (no helmet)
rElec   .            (no cloak)
rCorr   .            (no gloves)
SInv    .            (no boots)
Will    .....        (no amulet)
Stlth   ++           (no ring)
HPRegen 0.23/turn    (no ring)
MPRegen 0.07/turn

%: no passive effects
@: no status effects
A: no striking features
a: no special abilities


You were on level 5 of the Dungeon.
You visited 1 branch of the dungeon, and saw 1 of its levels.

You collected 34 gold pieces.

Inventory:

Hand Weapons
 a - a +0 falchion (weapon)
Missiles
 h - 12 stones
Armour
 b - a +0 leather armour (worn)
Wands
 g - a wand of digging (3)
Scrolls
 d - a scroll of revelation
 e - a scroll of fear
Potions
 f - a potion of haste
 i - a potion of ambrosia {unknown}


   Skills:
 + Level 3.0 Fighting
 + Level 1.8 Long Blades
 + Level 1.8 Dodging
 + Level 4.5 Stealth


You couldn't memorise any spells.
You didn't know any spells.
Your spell library was empty.

Dungeon Overview and Level Annotations

Branches:
Dungeon (5/15)
 Temple: D:4-7

Altars:

Shops:
D:5 [


Message History

You now have 34 gold pieces (gained 17).
You see here 6 stones.
h - 6 stones
h - 12 stones (gained 6)
There are no items here.
The orc priest shouts!
You hear a shout!
Found a dagger.
Found a stone staircase leading down.
i - a bubbling inky potion An ogre comes into view.
It is wielding a +0 giant club. 3 orcs, an orc priest and a phantom come into view.
The orc shouts! x2; You hear a shout!
The orc shouts!
The orc priest shouts!
You hear a bark!
The orc hits you but does no damage.
A hound and an orc wizard come into view.
The orc wizard shouts!
The hound barks!
The orc attacks as it pursues you! The orc barely misses you.
As you read the scroll of fog, it dissolves into smoke.
You slash the orc!
You kill the orc!
The orc wizard hits you with a +0 dagger.
You hit the orc.
The orc is heavily wounded.
The orc wizard hits you but does no damage.
The orc priest calls upon Beogh to heal the orc.
The orc's wounds heal themselves!
The orc closely misses you.
You hit the orc.
The orc is heavily wounded.
The orc wizard hits you with a +0 dagger.
The orc closely misses you.
The orc wizard hits you but does no damage.
The orc priest calls down the wrath of Beogh upon you.
Beogh smites you!
Ouch! That really hurt!
* * * LOW HITPOINT WARNING * * *
Unknown command.
You barely miss the orc.
The orc is heavily wounded.
The orc hits you with a +0 war axe!
Ouch! That really hurt!
You die...

# ## .# .## ..# ..
#.# ...### ..#
#...§W### .##
#...§ho§# ## #@##
# # ##oo# ####
##W.##§o§# ###....
...o.§...# ##...#
#######..# #....#
#..## .....# # #
#...# ##...#.#
#.#.### ..
##...#.#.###.#.#.#
...


You could see a phantom, a hound, an orc priest, an orc wizard and 2 orcs.

Vanquished Creatures
  An orc (D:5)
  A quokka (D:5)
2 creatures vanquished.

Notes
Turn   | Place    | Note
-------+----------+-------------------------------------------
     0 | D:5      | subawu the Demonspawn Delver began the quest for the Orb.
     0 | D:5      | Reached XP level 1. HP: 18/18 MP: 1/1
    25 | D:5      | Found Jotsacer's Antique Armour Shop.
   119 | D:5      | Noticed an orc priest
   137 | D:5      | Noticed an ogre
   156 | D:5      | Noticed an orc priest
   156 | D:5      | Noticed a phantom
   160 | D:5      | Noticed a hound
   160 | D:5      | Noticed an orc wizard
   165 | D:5      | Mangled by an orc

Illustrated notes

Levels and vault maps discovered:
D:5:      layout_layer_cave, minmay_temple_entry_arrows,
          nicolae_inconvenience_store

Action                     || total
---------------------------++-------
  Melee: Falchion          ||     6
    Use: Scroll            ||     1
 Armour: Leather armour    ||     5
  Dodge: Dodged            ||     6

Table legend: (Time is in decaauts)
 A = Elapsed time spent in this place.
 B = Non-inter-level travel time spent in this place.
 C = Inter-level travel time spent in this place.
 D = Time resting spent in this place.
 E = Time spent auto-exploring this place.
 F = Levels seen in this place.
 G = Mean time per level.
                   A        B        C        D        E       F      G
               +--------+--------+--------+--------+--------+-----+--------+
         Total |    166 |    166 |      0 |      4 |     79 |   1 |  166.0 |
       Dungeon |    166 |    166 |      0 |      4 |     79 |   1 |  166.0 |
               +--------+--------+--------+--------+--------+-----+--------+

Top non-repeatable levels by time:
     D:5: 166 daAuts
